Workbook
Name aa: '[2]1993'!$A$1:$IV$3,'[2]1993'!$A$1:$A$65536
Name ad: '[3]МТР Газ України'!$B$1
Name as: '[4]МТР Газ України'!$B$1
Name asdf: [5]Inform!$E$6
Name asdfg: [5]Inform!$F$2
Name BuiltIn_Print_Area___1___1: #REF!
Name ClDate: [6]Inform!$E$6
Name ClDate_21: [7]Inform!$E$6
Name ClDate_25: [7]Inform!$E$6
Name ClDate_6: [8]Inform!$E$6
Name CompName: [6]Inform!$F$2
Name CompName_21: [7]Inform!$F$2
Name CompName_25: [7]Inform!$F$2
Name CompName_6: [8]Inform!$F$2
Name CompNameE: [6]Inform!$G$2
Name CompNameE_21: [7]Inform!$G$2
Name CompNameE_25: [7]Inform!$G$2
Name CompNameE_6: [8]Inform!$G$2
Name Cost_Category_National_ID: #REF!
Name Cе511: #REF!
Name d: '[9]МТР Газ України'!$B$4
Name dCPIb: [10]попер_роз!#REF!
Name dPPIb: [10]попер_роз!#REF!
Name ds: '[11]7 Інші витрати'!#REF!
Name Fact_Type_ID: #REF!
Name G: '[12]МТР Газ України'!$B$1
Name ij1sssss: '[13]7 Інші витрати'!#REF!
Name LastItem: [14]Лист1!$A$1
Name Load: '[15]МТР Газ України'!$B$4
Name Load_ID: '[16]МТР Газ України'!$B$4
Name Load_ID_10: '[17]7 Інші витрати'!#REF!
Name Load_ID_11: '[18]МТР Газ України'!$B$4
Name Load_ID_12: '[18]МТР Газ України'!$B$4
Name Load_ID_13: '[18]МТР Газ України'!$B$4
Name Load_ID_14: '[18]МТР Газ України'!$B$4
Name Load_ID_15: '[18]МТР Газ України'!$B$4
Name Load_ID_16: '[18]МТР Газ України'!$B$4
Name Load_ID_17: '[18]МТР Газ України'!$B$4
Name Load_ID_18: '[19]МТР Газ України'!$B$4
Name Load_ID_19: '[20]МТР Газ України'!$B$4
Name Load_ID_20: '[19]МТР Газ України'!$B$4
Name Load_ID_200: '[15]МТР Газ України'!$B$4
Name Load_ID_21: '[21]МТР Газ України'!$B$4
Name Load_ID_23: '[20]МТР Газ України'!$B$4
Name Load_ID_25: '[21]МТР Газ України'!$B$4
Name Load_ID_542: '[22]МТР Газ України'!$B$4
Name Load_ID_6: '[18]МТР Газ України'!$B$4
Name OpDate: [6]Inform!$E$5
Name OpDate_21: [7]Inform!$E$5
Name OpDate_25: [7]Inform!$E$5
Name OpDate_6: [8]Inform!$E$5
Name QR: [23]Inform!$E$5
Name qw: [5]Inform!$E$5
Name qwert: [5]Inform!$G$2
Name qwerty: '[4]МТР Газ України'!$B$4
Name ShowFil: [14]!ShowFil
Name SU_ID: #REF!
Name Time_ID: '[16]МТР Газ України'!$B$1
Name Time_ID_10: '[17]7 Інші витрати'!#REF!
Name Time_ID_11: '[18]МТР Газ України'!$B$1

Sheet Осн. фін. пок.
A1: ПОГОДЖЕНО | G1: Додаток 1
G2: до Порядку складання, затвердження
A3: Управління комунального господарства Коломийської міської ради | G3: та контролю виконання фінансового плану
A4: (найменування органу, який розглянув фінансовий план) | G4: суб'єкта господарювання державного сектору економіки
A5: Начальник А.П.Радовець | G5: (пункт 2)
A7: М.П.(посада П.І.Б., дата, підпис)
G9: ЗАТВЕРДЖЕНО
G10: Рішення міської ради
G11: від 30.08.2021 р. № 1075-18/2021
G12: Міський голова Богдан Станіславський
G16: М. П. (посада, П.І.Б., дата, підпис)
I20: Рік | J20: Коди
A21: Підприємство | B21: КОМУНАЛЬНЕ ПІДПРИЄМСТВО "ПОЛІГОН ЕКОЛОГІЯ" | I21: за ЄДРПОУ | J21: 13655234
A22: Організаційно-правова форма | B22: комунальне підприємство | I22: за КОПФГ | J22: 150
A23: Територія | B23: м.Коломия | I23: за КОАТУУ | J23: 2610600000
A24: Орган державного управління | I24: за СПОДУ
A25: Галузь | I25: за ЗКГНГ
A26: Вид економічної діяльності | B26: Будівництво доріг та автострад | I26: за КВЕД | J26: 42.12
A27: Одиниця виміру, тис. грн | G27: Стандарти звітності П(с)БОУ
A28: Форма власності | B28: комунальна | G28: Стандарти звітності МСФЗ
A29: Середньооблікова кількість штатних працівників | J29: 91
A30: Місцезнаходження | B30: 78200, місто Коломия, вулиця Ю. Шкрумеляка, 36
A31: Телефон | B31: 669231504
A32: Прізвище та ініціали керівника | B32: Попелюк Михайло Богданович
A33: ФІНАНСОВИЙ ПЛАН ПІДПРИЄМСТВА НА 2022 рік
A35: Основні фінансові показники
J36: тис.грн
A37: Найменування показника | B37: Код рядка | C37: Факт минулого року | D37: Фінансовий план поточного року | E37: Прогноз на поточний рік | F37: Плановий рік | G37: Інформація згідно із стратегічним планом розвитку
G38: плановий рік +1 рік | H38: плановий рік +2 роки | I38: плановий рік +3 роки | J38: плановий рік +4 роки
A39: 1 | B39: 2 | C39: 3 | D39: 4 | E39: 5 | F39: 6 | G39: 7 | H39: 8 | I39: 9 | J39: 10
A40: І. Формування фінансових результатів
A41: Чистий дохід від реалізації продукції (товарів, робіт, послуг) | B41: 1000 | C41: ='I. Фін результат'!C7 -> 33428 | D41: ='I. Фін результат'!D7 -> 44460 | E41: ='I. Фін результат'!E7 -> 44460 | F41: ='I. Фін результат'!F7 -> 52018 | G41: =F41*1.1 -> 57219.8 | H41: =G41*1.1 -> 62941.78 | I41: =H41*1.1 -> 69235.958 | J41: =I41*1.1 -> 76159.554
A42: Собівартість реалізованої продукції (товарів, робіт, послуг) | B42: 1010 | C42: ='I. Фін результат'!C10 -> -29503 | D42: ='I. Фін результат'!D10 -> -35488 | E42: ='I. Фін результат'!E10 -> -35488 | F42: ='I. Фін результат'!F10 -> -40668 | G42: =F42*1.1 -> -44734.8 | H42: =G42*1.1 -> -49208.28 | I42: =H42*1.1 -> -54129.108 | J42: =I42*1.1 -> -59542.019
A43: Валовий прибуток/збиток | B43: 1020 | C43: =SUM(C41:C42) -> 3925 | D43: =SUM(D41:D42) -> 8972 | E43: =SUM(E41:E42) -> 8972 | F43: =SUM(F41:F42) -> 11350 | G43: =F43*1.1 -> 12485 | H43: =G43*1.1 -> 13733.5 | I43: =H43*1.1 -> 15106.85 | J43: =I43*1.1 -> 16617.535
A44: Адміністративні витрати | B44: 1030 | C44: ='I. Фін результат'!C36 -> -3912 | D44: ='I. Фін результат'!D36 -> -8472.2 | E44: ='I. Фін результат'!E36 -> -8471.8 | F44: ='I. Фін результат'!F36 -> -10547.66 | G44: =F44*1.1 -> -11602.426 | H44: =G44*1.1 -> -12762.669 | I44: =H44*1.1 -> -14038.935 | J44: =I44*1.1 -> -15442.829
A45: Витрати на збут | B45: 1060 | C45: ='I. Фін результат'!C63 -> 0 | D45: ='I. Фін результат'!D63 -> 0 | E45: ='I. Фін результат'!E63 -> 0 | F45: ='I. Фін результат'!F63 -> 0 | G45: =F45*1.1 -> 0 | H45: =G45*1.1 -> 0 | I45: =H45*1.1 -> 0 | J45: =I45*1.1 -> 0
A46: Інші операційні доходи | B46: 1070 | C46: ='I. Фін результат'!C63 -> 0 | D46: ='I. Фін результат'!D63 -> 0 | E46: ='I. Фін результат'!E63 -> 0 | F46: ='I. Фін результат'!F63 -> 0 | G46: =F46*1.1 -> 0 | H46: =G46*1.1 -> 0 | I46: =H46*1.1 -> 0 | J46: =I46*1.1 -> 0
A47: Інші операційні витрати | B47: 1080 | C47: ='I. Фін результат'!C76 -> -14 | D47: ='I. Фін результат'!D76 -> -500 | E47: ='I. Фін результат'!E76 -> -500 | F47: ='I. Фін результат'!F76 -> -800 | G47: =F47*1.1 -> -880 | H47: =G47*1.1 -> -968 | I47: =H47*1.1 -> -1064.8 | J47: =I47*1.1 -> -1171.28
A48: Фінансовий результат від операційної діяльності | B48: 1100 | C48: =SUM(C43:C47) -> -1 | D48: =SUM(D43:D47) -> -0.2 | E48: =SUM(E43:E47) -> 0.2 | F48: =SUM(F43:F47) -> 2.34 | G48: =F48*1.1 -> 2.574 | H48: =G48*1.1 -> 2.8314 | I48: =H48*1.1 -> 3.11454 | J48: =I48*1.1 -> 3.425994
A49: EBITDA | B49: 1310 | C49: ='I. Фін результат'!C104 -> 0 | D49: =F49 -> 0 | E49: ='I. Фін результат'!E104 -> 0 | F49: ='I. Фін результат'!F104 -> 0 | G49: =F49*1.1 -> 0 | H49: =G49*1.1 -> 0 | I49: =H49*1.1 -> 0 | J49: =I49*1.1 -> 0
A50: Рентабельність EBITDA | B50: =' V. Коефіцієнти'!B8 -> 5010 | C50: =(C49/C41)*100 -> 0 | D50: =(D49/D41)*100 -> 0 | F50: =(F49/F41)*100 -> 0 | G50: =F50*1.1 -> 0 | H50: =G50*1.1 -> 0 | I50: =H50*1.1 -> 0 | J50: =I50*1.1 -> 0
A51: Дохід від участі в капіталі | B51: 1110 | C51: 0 | D51: 0 | E51: 0 | F51: 0 | G51: =F51*1.1 -> 0 | H51: =G51*1.1 -> 0 | I51: =H51*1.1 -> 0 | J51: =I51*1.1 -> 0
A52: Втрати від участі в капіталі | B52: 1120 | C52: ='I. Фін результат'!C77 -> 0 | D52: ='I. Фін результат'!D77 -> 0 | E52: ='I. Фін результат'!E77 -> 0 | F52: ='I. Фін результат'!F77 -> 0 | G52: =F52*1.1 -> 0 | H52: =G52*1.1 -> 0 | I52: =H52*1.1 -> 0 | J52: =I52*1.1 -> 0
A53: Інші фінансові доходи | B53: 1130 | C53: ='I. Фін результат'!C86 -> 11 | D53: ='I. Фін результат'!D86 -> 0 | E53: ='I. Фін результат'!E86 -> 0 | F53: ='I. Фін результат'!F86 -> 0 | G53: =F53*1.1 -> 0 | H53: =G53*1.1 -> 0 | I53: =H53*1.1 -> 0 | J53: =I53*1.1 -> 0
A54: Фінансові витрати | B54: 1140 | C54: ='I. Фін результат'!C87 -> -127 | D54: ='I. Фін результат'!D87 -> ( ) | E54: ='I. Фін результат'!E87 -> ( ) | F54: ='I. Фін результат'!F87 -> 0 | G54: =F54*1.1 -> 0 | H54: =G54*1.1 -> 0 | I54: =H54*1.1 -> 0 | J54: =I54*1.1 -> 0
A55: Інші доходи | B55: 1150 | C55: ='I. Фін результат'!C90 -> 42 | D55: ='I. Фін результат'!D90 -> 0 | E55: ='I. Фін результат'!E90 -> 0 | F55: ='I. Фін результат'!F90 -> 0 | G55: =F55*1.1 -> 0 | H55: =G55*1.1 -> 0 | I55: =H55*1.1 -> 0 | J55: =I55*1.1 -> 0
A56: Інші витрати | B56: 1160 | C56: ='I. Фін результат'!C93 -> 0 | D56: ='I. Фін результат'!D93 -> 0 | E56: ='I. Фін результат'!E93 -> 0 | F56: ='I. Фін результат'!F93 -> 0 | G56: =F56*1.1 -> 0 | H56: =G56*1.1 -> 0 | I56: =H56*1.1 -> 0 | J56: =I56*1.1 -> 0
A57: Фінансовий результат до оподаткування | B57: 1170 | C57: =SUM(C48, C51:C56) -> -75 | D57: =SUM(D48, D51:D56) -> -0.2 | E57: =SUM(E48, E51:E56) -> 0.2 | F57: =SUM(F48, F51:F56) -> 2.34 | G57: =F57*1.1 -> 2.574 | H57: =G57*1.1 -> 2.8314 | I57: =H57*1.1 -> 3.11454 | J57: =I57*1.1 -> 3.425994
A58: Витрати з податку на прибуток | B58: 1180 | C58: ='I. Фін результат'!C95 -> ( ) | D58: ='I. Фін результат'!D95 -> ( ) | E58: ='I. Фін результат'!E95 -> ( ) | F58: ='I. Фін результат'!F95 -> 0 | G58: =F58*1.1 -> 0 | H58: =G58*1.1 -> 0 | I58: =H58*1.1 -> 0 | J58: =I58*1.1 -> 0
A59: Дохід з податку на прибуток | B59: 1181 | C59: ='I. Фін результат'!C96 -> 0 | D59: ='I. Фін результат'!D96 -> 0 | E59: ='I. Фін результат'!E96 -> 0 | F59: ='I. Фін результат'!F96 -> 0 | G59: =F59*1.1 -> 0 | H59: =G59*1.1 -> 0 | I59: =H59*1.1 -> 0 | J59: =I59*1.1 -> 0
A60: Прибуток від припиненої діяльності після оподаткування | B60: 1190 | C60: ='I. Фін результат'!C89 -> 0 | D60: ='I. Фін результат'!D89 -> 0 | E60: ='I. Фін результат'!E89 -> 0 | F60: ='I. Фін результат'!F89 -> 0 | G60: =F60*1.1 -> 0 | H60: =G60*1.1 -> 0 | I60: =H60*1.1 -> 0 | J60: =I60*1.1 -> 0
A61: Збиток від припиненої діяльності після оподаткування | B61: 1191 | C61: ='I. Фін результат'!C98 -> ( ) | D61: ='I. Фін результат'!D98 -> ( ) | E61: ='I. Фін результат'!E98 -> ( ) | F61: ='I. Фін результат'!F98 -> 0 | G61: =F61*1.1 -> 0 | H61: =G61*1.1 -> 0 | I61: =H61*1.1 -> 0 | J61: =I61*1.1 -> 0
A62: Чистий фінансовий результат | B62: 1200 | C62: =SUM(C57:C61) -> -75 | D62: =SUM(D57:D61) -> -0.2 | E62: =SUM(E57:E61) -> 0.2 | F62: =SUM(F57:F61) -> 2.34 | G62: =F62*1.1 -> 2.574 | H62: =G62*1.1 -> 2.8314 | I62: =H62*1.1 -> 3.11454 | J62: =I62*1.1 -> 3.425994
A63: Прибуток | B63: 1201 | C63: ='I. Фін результат'!C92 -> 0 | D63: ='I. Фін результат'!D92 -> ( ) | E63: ='I. Фін результат'!E92 -> ( ) | F63: ='I. Фін результат'!F92 -> 0 | G63: =F63*1.1 -> 0 | H63: =G63*1.1 -> 0 | I63: =H63*1.1 -> 0 | J63: =I63*1.1 -> 0
A64: Збиток | B64: 1202 | C64: ='I. Фін результат'!C93 -> 0 | D64: ='I. Фін результат'!D93 -> 0 | E64: ='I. Фін результат'!E93 -> 0 | F64: ='I. Фін результат'!F93 -> 0 | G64: =F64*1.1 -> 0 | H64: =G64*1.1 -> 0 | I64: =H64*1.1 -> 0 | J64: =I64*1.1 -> 0
A65: IІ. Розрахунки з бюджетом
A66: Сплата податків та зборів до Державного бюджету України (податкові платежі), усього, у тому числі: | B66: 2110 | C66: ='ІІ. Розр. з бюджетом'!C20 -> 2325.8 | D66: =D67+D68+D73 -> 2870 | E66: ='ІІ. Розр. з бюджетом'!E20 -> 3142.9 | F66: ='ІІ. Розр. з бюджетом'!F20 -> 3709.2 | G66: =F66*1.1 -> 4080.12 | H66: =G66*1.1 -> 4488.132 | I66: =H66*1.1 -> 4936.9452 | J66: =I66*1.1 -> 5430.6397
A67: податок на прибуток підприємств | B67: 2111 | C67: ='ІІ. Розр. з бюджетом'!C21 -> 0 | D67: ='ІІ. Розр. з бюджетом'!D21 -> 0 | E67: ='ІІ. Розр. з бюджетом'!E21 -> 0 | F67: ='ІІ. Розр. з бюджетом'!F21 -> 0 | G67: =F67*1.1 -> 0 | H67: =G67*1.1 -> 0 | I67: =H67*1.1 -> 0 | J67: =I67*1.1 -> 0
A68: податок на додану вартість, що підлягає сплаті до бюджету за підсумками звітного періоду | B68: 2112 | C68: ='ІІ. Розр. з бюджетом'!C22 -> 2158 | D68: ='ІІ. Розр. з бюджетом'!D22 -> 2870 | E68: ='ІІ. Розр. з бюджетом'!E22 -> 2870 | F68: ='ІІ. Розр. з бюджетом'!F22 -> 3387 | G68: =F68*1.1 -> 3725.7 | H68: =G68*1.1 -> 4098.27 | I68: =H68*1.1 -> 4508.097 | J68: =I68*1.1 -> 4958.9067
A69: податок на додану вартість, що підлягає відшкодуванню з бюджету за підсумками звітного періоду | B69: 2113 | C69: ='ІІ. Розр. з бюджетом'!C23 -> 0 | D69: ='ІІ. Розр. з бюджетом'!D23 -> 0 | E69: ='ІІ. Розр. з бюджетом'!E23 -> 0 | F69: ='ІІ. Розр. з бюджетом'!F23 -> 0 | G69: =F69*1.1 -> 0 | H69: =G69*1.1 -> 0 | I69: =H69*1.1 -> 0 | J69: =I69*1.1 -> 0
A70: акцизний податок | B70: 2114 | C70: ='ІІ. Розр. з бюджетом'!C24 -> 0 | D70: ='ІІ. Розр. з бюджетом'!D24 -> 0 | E70: ='ІІ. Розр. з бюджетом'!E24 -> 0 | F70: ='ІІ. Розр. з бюджетом'!F24 -> 0 | G70: =F70*1.1 -> 0 | H70: =G70*1.1 -> 0 | I70: =H70*1.1 -> 0 | J70: =I70*1.1 -> 0
A71: відрахування частини чистого прибутку державними унітарними підприємствами та їх об'єднаннями | B71: 2115 | C71: ='ІІ. Розр. з бюджетом'!C25 -> 0.1 | D71: ='ІІ. Розр. з бюджетом'!D25 -> 0.2 | E71: ='ІІ. Розр. з бюджетом'!E25 -> 0.2 | F71: ='ІІ. Розр. з бюджетом'!F25 -> 0.2 | G71: =F71*1.1 -> 0.22 | H71: =G71*1.1 -> 0.242 | I71: =H71*1.1 -> 0.2662 | J71: =I71*1.1 -> 0.29282
A72: рентна плата за транспортування | B72: 2116 | C72: ='ІІ. Розр. з бюджетом'!C26 -> 0 | D72: ='ІІ. Розр. з бюджетом'!D26 -> 0 | E72: ='ІІ. Розр. з бюджетом'!E26 -> 0 | F72: ='ІІ. Розр. з бюджетом'!F26 -> 0 | G72: =F72*1.1 -> 0 | H72: =G72*1.1 -> 0 | I72: =H72*1.1 -> 0 | J72: =I72*1.1 -> 0
A73: рентна плата за користування надрами | B73: 2117 | C73: ='ІІ. Розр. з бюджетом'!C27 -> 0 | D73: ='ІІ. Розр. з бюджетом'!D27 -> 0 | E73: ='ІІ. Розр. з бюджетом'!E27 -> 0 | F73: ='ІІ. Розр. з бюджетом'!F27 -> 0 | G73: =F73*1.1 -> 0 | H73: =G73*1.1 -> 0 | I73: =H73*1.1 -> 0 | J73: =I73*1.1 -> 0
A74: Сплата податків та зборів до місцевих бюджетів (податкові платежі) | B74: 2120 | C74: ='ІІ. Розр. з бюджетом'!C30 -> 2005.2 | D74: ='ІІ. Розр. з бюджетом'!D30 -> 2668 | E74: ='ІІ. Розр. з бюджетом'!E30 -> 2667.7 | F74: ='ІІ. Розр. з бюджетом'!F30 -> 3864 | G74: =F74*1.1 -> 4250.4 | H74: =G74*1.1 -> 4675.44 | I74: =H74*1.1 -> 5142.984 | J74: =I74*1.1 -> 5657.2824
A75: Інші податки, збори та платежі на користь держави, усього, у тому числі: | B75: 2130 | C75: ='ІІ. Розр. з бюджетом'!C35 -> 2397 | D75: ='ІІ. Розр. з бюджетом'!D35 -> 3730 | E75: ='ІІ. Розр. з бюджетом'!E35 -> 3730 | F75: ='ІІ. Розр. з бюджетом'!F35 -> 5523 | G75: =F75*1.1 -> 6075.3 | H75: =G75*1.1 -> 6682.83 | I75: =H75*1.1 -> 7351.113 | J75: =I75*1.1 -> 8086.2243
A76: відрахування частини чистого прибутку господарськими товариствами, у статутному капіталі яких більше 50 відсотків акцій (часток, паїв) належать державі, на виплату дивідендів на державну частку | B76: 2131 | C76: ='ІІ. Розр. з бюджетом'!C36 -> 0 | D76: ='ІІ. Розр. з бюджетом'!D36 -> 0 | E76: ='ІІ. Розр. з бюджетом'!E36 -> 0 | F76: ='ІІ. Розр. з бюджетом'!F36 -> 0 | G76: =F76*1.1 -> 0 | H76: =G76*1.1 -> 0 | I76: =H76*1.1 -> 0 | J76: =I76*1.1 -> 0
G77: =F77*1.1 -> 0 | H77: =G77*1.1 -> 0 | I77: =H77*1.1 -> 0 | J77: =I77*1.1 -> 0
G78: =F78*1.1 -> 0 | H78: =G78*1.1 -> 0 | I78: =H78*1.1 -> 0 | J78: =I78*1.1 -> 0
A79: III. Рух грошових кошів
A80: Залишок коштів на початок періоду | B80: 3405 | C80: ='ІІІ. Рух грош. коштів'!C69 -> 397 | D80: ='ІІІ. Рух грош. коштів'!D69 -> 413 | E80: ='ІІІ. Рух грош. коштів'!E69 -> 413 | F80: ='ІІІ. Рух грош. коштів'!F69 -> 200 | G80: x | H80: x | I80: x | J80: x
A81: Цільове фінансування | B81: 3030 | C81: ='ІІІ. Рух грош. коштів'!C11 -> 424 | D81: ='ІІІ. Рух грош. коштів'!D11 -> 424 | E81: ='ІІІ. Рух грош. коштів'!E11 -> 424 | F81: ='ІІІ. Рух грош. коштів'!F11 -> 424
A82: Чистий рух коштів від операційної діяльності | B82: 3195 | C82: ='ІІІ. Рух грош. коштів'!C37 -> 263 | D82: ='ІІІ. Рух грош. коштів'!D37 -> 757.5 | E82: ='ІІІ. Рух грош. коштів'!E37 -> 843.5 | F82: ='ІІІ. Рух грош. коштів'!F37 -> 1679.0524 | G82: x | H82: x | I82: x | J82: x
A83: Чистий рух коштів від інвестиційної діяльності | B83: 3295 | C83: ='ІІІ. Рух грош. коштів'!C50 -> 1410 | D83: ='ІІІ. Рух грош. коштів'!D50 -> -970 | E83: ='ІІІ. Рух грош. коштів'!E50 -> -970 | F83: ='ІІІ. Рух грош. коштів'!F50 -> -1500 | G83: x | H83: x | I83: x | J83: x
A84: Чистий рух коштів від фінансової діяльності | B84: 3395 | C84: ='ІІІ. Рух грош. коштів'!C67 -> -1656.9 | D84: ='ІІІ. Рух грош. коштів'!D67 -> 23 | E84: ='ІІІ. Рух грош. коштів'!E67 -> 23 | F84: ='ІІІ. Рух грош. коштів'!F67 -> 20 | G84: x | H84: x | I84: x | J84: x
A85: Вплив зміни валютних курсів на залишок коштів | B85: 3410 | C85: ='ІІІ. Рух грош. коштів'!C70 -> 0 | D85: ='ІІІ. Рух грош. коштів'!D70 -> 0 | E85: ='ІІІ. Рух грош. коштів'!E70 -> 0 | F85: ='ІІІ. Рух грош. коштів'!F70 -> 0 | G85: x | H85: x | I85: x | J85: x
A86: Залишок коштів на кінець періоду | B86: 3415 | C86: =SUM(C80,C82:C85) -> 413.1 | D86: =SUM(D80,D82:D85) -> 223.5 | E86: =SUM(E80,E82:E85) -> 309.5 | F86: =SUM(F80,F82:F85) -> 399.05244 | G86: x | H86: x | I86: x | J86: x
A87: IV. Капітальні інвестиції
A88: Капітальні інвестиції | B88: 4000 | C88: ='IV. Кап. інвестиції'!C6 -> 0 | D88: ='IV. Кап. інвестиції'!D6 -> 1541 | E88: ='IV. Кап. інвестиції'!E6 -> 1541 | F88: ='IV. Кап. інвестиції'!F6 -> 1500
A89: V. Коефіцієнтний аналіз
A90: Рентабельність діяльності | B90: 5040
A109: VІI. Кредитна політика
A110: Отримано залучених коштів, усього, у тому числі: | B110: 7000 | C110: =SUM(C111:C113) -> 0 | D110: =SUM(D111:D113) -> 0 | E110: =SUM(E111:E113) -> 0 | F110: =SUM(F111:F113) -> 0 | G110: =SUM(G111:G113) -> 0 | H110: =SUM(H111:H113) -> 0 | I110: =SUM(I111:I113) -> 0 | J110: =SUM(J111:J113) -> 0
A111: довгострокові зобов'язання | B111: 7001 | F111: ='6.1. Інша інфо_1'!G58 -> 0
A112: короткострокові зобов'язання | B112: 7002 | F112: ='6.1. Інша інфо_1'!G61 -> 0
A113: інші фінансові зобов'язання | B113: 7003 | F113: ='6.1. Інша інфо_1'!G64 -> 0
A114: Повернено залучених коштів, усього, у тому числі: | B114: 7010 | C114: =SUM(C115:C117) -> 0 | D114: =SUM(D115:D117) -> 0 | E114: =SUM(E115:E117) -> 0 | F114: =SUM(F115:F117) -> 0 | G114: =SUM(G115:G117) -> 0 | H114: =SUM(H115:H117) -> 0 | I114: =SUM(I115:I117) -> 0 | J114: =SUM(J115:J117) -> 0
A115: довгострокові зобов'язання | B115: 7011 | F115: ='6.1. Інша інфо_1'!J58 -> 0
A116: короткострокові зобов'язання | B116: 7012 | F116: ='6.1. Інша інфо_1'!J61 -> 0
A117: інші фінансові зобов'язання | B117: 7013 | F117: ='6.1. Інша інфо_1'!J64 -> 0
A118: VIII. Дані про персонал та витрати на оплату праці
A119: Середня кількість працівників (штатних працівників, зовнішніх сумісників та працівників, що працюють за цивільно-правовими договорами), у тому числі: | B119: 8000 | C119: =SUM(C120:C122) -> 91 | D119: ='6.1. Інша інфо_1'!F11 -> 93 | E119: =SUM(E120:E122) -> 93 | F119: =SUM(F120:F122) -> 137 | G119: x | H119: x | I119: x | J119: x
A120: директор | B120: 8001 | C120: ='6.1. Інша інфо_1'!D12 -> 1 | D120: ='6.1. Інша інфо_1'!F12 -> 1 | E120: ='6.1. Інша інфо_1'!H12 -> 1 | F120: ='6.1. Інша інфо_1'!J12 -> 1 | G120: x | H120: x | I120: x | J120: x
A121: адміністративно-управлінський персонал | B121: 8002 | C121: ='6.1. Інша інфо_1'!D13 -> 14 | D121: ='6.1. Інша інфо_1'!F13 -> 16 | E121: ='6.1. Інша інфо_1'!H13 -> 16 | F121: ='6.1. Інша інфо_1'!J13 -> 16 | G121: x | H121: x | I121: x | J121: x
A122: працівники | B122: 8003 | C122: ='6.1. Інша інфо_1'!D14 -> 76 | D122: ='6.1. Інша інфо_1'!F14 -> 76 | E122: ='6.1. Інша інфо_1'!H14 -> 76 | F122: ='6.1. Інша інфо_1'!J14 -> 120 | G122: x | H122: x | I122: x | J122: x
A123: Витрати на оплату праці | B123: 8010 | C123: ='I. Фін результат'!C109 -> 0 | D123: ='6.1. Інша інфо_1'!F19 -> 16596 | E123: ='6.1. Інша інфо_1'!H19 -> 16596 | F123: ='6.1. Інша інфо_1'!J19 -> 24606 | G123: x | H123: x | I123: x | J123: x
A124: Середньомісячні витрати на оплату праці одного працівника (грн), усього, у тому числі: | B124: 8020 | C124: ='6.1. Інша інфо_1'!D23 -> 9935.8974 | D124: ='6.1. Інша інфо_1'!F23 -> 14870.968 | E124: ='6.1. Інша інфо_1'!H23 -> 14870.968 | F124: ='6.1. Інша інфо_1'!J23 -> 14967.153 | G124: x | H124: x | I124: x | J124: x
A125: директор | B125: 8021 | C125: ='6.1. Інша інфо_1'!D24 -> 32833.333 | D125: ='6.1. Інша інфо_1'!F24 -> 40750 | E125: ='6.1. Інша інфо_1'!H24 -> 40750 | F125: ='6.1. Інша інфо_1'!J24 -> 49500 | G125: x | H125: x | I125: x | J125: x
A126: адміністративно-управлінський персонал | B126: 8022 | C126: ='6.1. Інша інфо_1'!D25 -> 12410.714 | D126: ='6.1. Інша інфо_1'!F25 -> 13791.667 | E126: ='6.1. Інша інфо_1'!H25 -> 13791.667 | F126: ='6.1. Інша інфо_1'!J25 -> 18718.75 | G126: x | H126: x | I126: x | J126: x
A127: працівники | B127: 8023 | C127: ='6.1. Інша інфо_1'!D26 -> 9178.7281 | D127: ='6.1. Інша інфо_1'!F26 -> 14757.675 | E127: ='6.1. Інша інфо_1'!H26 -> 14757.675 | F127: ='6.1. Інша інфо_1'!J26 -> 14179.167 | G127: x | H127: x | I127: x | J127: x
...

Sheet I. Фін результат
A1: I. Формування фінансових результатів
K2: тис.грн
A3: Найменування показника | B3: Код рядка | C3: Факт минулого року | D3: Фінансовий план поточного року | E3: Прогноз на поточний рік | F3: Плановий рік (усього) | G3: У тому числі за кварталами | K3: Пояснення та обґрунтування до запланованого рівня доходів/витрат
G4: І | H4: ІІ | I4: ІІІ | J4: ІV
A5: 1 | B5: 2 | C5: 3 | D5: 4 | E5: 5 | F5: 6 | G5: 7 | H5: 8 | I5: 9 | J5: 10 | K5: 11
A6: Доходи і витрати (деталізація)
A7: Дохід від реалізації продукції (товарів, робіт, послуг)цільове фінансування | B7: 1000 | C7: 33428 | D7: 44460 | E7: 44460 | F7: 52018 | G7: 10403.6 | H7: 15605.4 | I7: 14672 | J7: 7558
A8: Бюджет | B8: 1000.1 | D8: 8500 | E8: 8500 | F8: =F7-F9 -> 43718
A9: Інші джерела | B9: 1000.2 | C9: 33428 | D9: =D7-D8 -> 35960 | E9: 35960 | F9: 8300
A10: Собівартість реалізованої продукції (товарів, робіт, послуг) | B10: 1010 | C10: =C13+C20+C21+C22+C25+C28+C29+C30 -> -29503 | D10: -35488 | E10: -35488 | F10: -40668 | G10: =G13+G20+G21+G23+G25+G28+G29+G30 -> -8800.7 | H10: =H13+H20+H21+H23+H25+H28+H29+H30 -> -14001.35 | I10: =I13+I20+I21+I23+I25+I28+I29+I30 -> -13067.913 | J10: =J13+J20+J21+J23+J25+J28+J29+J30 -> -5952.7781
A11: Бюджет | B11: 1010.1 | D11: -7500.86 | E11: -7500.86 | F11: =F10-F12 -> -32865
A12: Інші джерела | B12: 1010.2 | C12: -29503 | D12: =D10-D11 -> -27987.14 | E12: =E10-E11 -> -27987.14 | F12: -7803
A13: Витрати на сировину та основні матеріали: | B13: 1011 | C13: -15178.4 | D13: -11101 | E13: -11101 | F13: -16467 | G13: -1703 | H13: -6246 | I13: -5368 | J13: -1323
A14: будівництво доріг та автострад (Асфальт, щебінь, цемент, борд.ри, поребрики, плитка) | B14: 1011.1 | C14: =C13*0.7 -> -10624.88 | D14: -9100 | E14: -9100 | F14: =F13*0.7 -> -11526.9 | G14: =G13-G15-G16-G17-G18 -> -419.96 | H14: =H13-H15-H16-H17-H18 -> -4988.97 | I14: =I13-I15-I16-I17-I18 -> -4270.01 | J14: =J13-J15-J16-J17-J18 -> -532.11
A15: послуги прибирання та підмітання вулиць парків, скверів( віники, лопати, відра, рукавиці, пакет для сміття) | B15: 1011.2 | C15: =C13*0.18 -> -2732.112 | D15: -998 | E15: -998 | F15: =F13*0.18 -> -2964.06 | G15: =G13*0.18 -> -306.54 | H15: =H13*0.18 -> -1124.28 | I15: =I13*0.18 -> -966.24 | J15: =J13*0.18 -> -238.14
A16: утримання дорожньої мережі в зимовий період | B16: 1011.3 | C16: =C13-C14-C15 -> -1821.408 | D16: =D13-D14-D15-D17-D18 -> -727 | E16: =E13-E14-E15-E17-E18 -> -727 | F16: -1314 | G16: -844 | J16: -420
A17: Вивезення побутових відходів | B17: 1011.4 | D17: -202 | E17: -202 | F17: -403 | G17: =-403/4 -> -100.75 | H17: =-403/4 -> -100.75 | I17: =-403/4 -> -100.75 | J17: =-403/4 -> -100.75
A18: Захоронення ТПВ | B18: 1011.5 | D18: -74 | E18: -74 | F18: -127 | G18: =-127/4 -> -31.75 | H18: -32 | I18: -31 | J18: -32
A20: Витрати на паливо | B20: 1012 | C20: -2696.1 | D20: -2850 | E20: -2850 | F20: -3220 | G20: =F20/4 -> -805 | H20: =G20/4 -> -201.25 | I20: =H20/4 -> -50.3125 | J20: =I20/4 -> -12.578125
A21: Витрати на електроенергію | B21: 1013 | C21: -55.9 | D21: -60 | E21: -60 | F21: -60 | G21: =F21/4 -> -15 | H21: -15 | I21: -15 | J21: -15
A22: Витрати на оплату праці | B22: 1014 | C22: -8275.9 | D22: -13459 | E22: -13459 | F22: -18050 | G22: -4800 | H22: -5409 | I22: -5409 | J22: -3833
A23: у т.ч. бюджетні надходження | D23: -7500 | E23: -7500 | F23: -16166 | G23: -4329 | H23: -4938 | I23: -4938 | J23: =J22-J24 -> -3362
A24: надходження з інших джерел | D24: =D22-D23 -> -5959 | E24: =E22-E23 -> -5959 | F24: -1883.7 | G24: -471 | H24: -471 | I24: -471 | J24: -471
A25: Відрахування на соціальні заходи | B25: 1015 | C25: -1820.7 | D25: -3810 | E25: -3810.4 | F25: -4492 | G25: -1056 | H25: -1190 | I25: -1190 | J25: -843
A26: у т.ч. бюджетні надходження | D26: -3672 | E26: -3672 | F26: -4077 | G26: -952 | H26: -1086 | I26: -1086 | J26: =J25-J27 -> -739.4
A27: надходження з інших джерел | D27: -138 | E27: -138.2 | F27: -414.5 | G27: -103.6 | H27: -103.6 | I27: -103.6 | J27: -103.6
A28: Витрати, що здійснюються для підтримання об’єкта в робочому стані (проведення ремонту, технічного огляду, нагляду, обслуговування тощо) | B28: 1016 | C28: -206.1 | D28: -283.5 | E28: -283.5 | F28: -283.5 | G28: -56.7 | H28: -85.1 | I28: -93.6 | J28: -48.2
A29: Амортизація основних засобів і нематеріальних активів | B29: 1017 | C29: -898 | D29: -1024 | E29: -1024 | F29: -1024 | G29: -256 | H29: -256 | I29: -256 | J29: -256
A30: Інші витрати (оренда обладн., охорона прим.) | B30: 1018 | C30: -371.9 | D30: -2900 | E30: -2900 | F30: -2900 | G30: -580 | H30: -1070 | I30: -1157 | J30: -93
A31: спец одяг | B31: 1018.1 | C31: -59.6 | D31: 0 | E31: 0 | F31: -120 | G31: 0 | H31: 0 | I31: 0 | J31: 0
A32: запчастини до техніи | B32: 1018.2 | C32: -312.3 | D32: -320 | E32: -320 | F32: -320 | G32: =-320/4 -> -80 | H32: =-320/4 -> -80 | I32: =-320/4 -> -80 | J32: =-320/4 -> -80
A33: водопостачання | B33: 1018.3 | C33: 0 | D33: -80 | E33: -80 | F33: -80 | G33: =-80/4 -> -20 | H33: =-80/4 -> -20 | I33: =-80/4 -> -20 | J33: =-80/4 -> -20
A34: орендаекскаватора, бульдозера | B34: 1018.4 | C34: 0 | D34: 2500 | E34: 2500 | F34: 2500 | G34: =-2500/4 -> -625 | H34: =-2500/4 -> -625 | I34: =-2500/4 -> -625 | J34: =-2500/4 -> -625
A35: Валовий прибуток (збиток) | B35: 1020 | C35: =C7+C10 -> 3925 | D35: =D7+D10 -> 8972 | E35: =E7+E10 -> 8972 | F35: =F7+F10 -> 11350 | G35: =G7+G10 -> 1602.9 | H35: =H7+H10 -> 1604.05 | I35: =I7+I10 -> 1604.0875 | J35: =J7+J10 -> 1605.2219
A36: Адміністративні витрати, у тому числі: | B36: 1030 | C36: =SUM(C37:C61) -> -3912 | D36: =SUM(D37:D61) -> -8472.2 | E36: =SUM(E37:E61) -> -8471.8 | F36: =SUM(F37:F61) -> -10547.66 | G36: =-5611/4 -> -1402.75 | H36: =-5611/4 -> -1402.75 | I36: =-5611/4 -> -1402.75 | J36: =-5611/4 -> -1402.75
A37: витрати, пов'язані з використанням власних службових автомобілів | B37: 1031 | C37: -100.3 | D37: -120.3 | E37: -120.3 | F37: -120.3 | G37: -30.2 | H37: -30.2 | I37: -30.2 | J37: -30
A38: витрати на оренду службових автомобілів | B38: 1032 | D38: 0 | E38: ( ) | F38: =C38*1.1798 -> 0
A39: витрати на консалтингові послуги | B39: 1033 | D39: ( -) | E39: ( ) | F39: =C39*1.1798 -> 0 | G39: ( ) | H39: ( ) | I39: ( ) | J39: ( )
A40: витрати на страхові послуги | B40: 1034 | C40: -3.3 | D40: -5.6 | E40: -5.6 | F40: -5.6 | G40: =-6/4 -> -1.5 | H40: -2 | I40: -1 | J40: -1
A41: витрати на аудиторські послуги | B41: 1035 | D41: ( - ) | E41: ( ) | F41: =C41*1.1798 -> 0 | G41: ( ) | H41: ( ) | I41: ( ) | J41: ( )
A42: витрати на службові відрядження | B42: 1036 | C42: 0 | D42: 0 | F42: =C42*1.1798 -> 0
A43: витрати на зв’язок | B43: 1037 | C43: -2.4 | D43: -4.2 | E43: -4.2 | F43: -4.2 | G43: -1 | H43: -1 | I43: -1 | J43: -2
A44: витрати на оплату праці | B44: 1038 | C44: -2908.1 | D44: -3239.1 | E44: -3239.1 | F44: -4188 | G44: -1047 | H44: -1047 | I44: -1047 | J44: -1047
A45: у т.ч. бюджетні надходження | D45: -1200 | E45: -1200 | F45: -3952 | G45: -988 | H45: -988 | I45: -988 | J45: -988
A46: надходження з інших джерел | D46: =D44-D45 -> -2039.1 | E46: -2039 | F46: -236 | G46: -59 | H46: -59 | I46: -59 | J46: -59
A47: відрахування на соціальні заходи | B47: 1039 | C47: -768.3 | D47: -820.3 | E47: -820.3 | F47: -921.36 | G47: -230.3 | H47: -230.3 | I47: -230.3 | J47: -230.3
A48: у т.ч. бюджетні надходження | D48: -304 | E48: -304 | F48: -869 | G48: -217 | H48: -217 | I48: -217 | J48: -217
A49: надходження з інших джерел | D49: =D47-D48 -> -516.3 | E49: -516 | F49: -51.9 | G49: -13 | H49: -13 | I49: -13 | J49: -13
A50: амортизація основних засобів і нематеріальних активів загальногосподарського призначення | B50: 1040 | C50: -16 | D50: -153 | E50: -153 | F50: -153 | G50: -38.3 | H50: -38.3 | I50: -38.3 | J50: -38.3
A51: витрати на операційну оренду основних засобів та роялті, що мають загальногосподарське призначення | B51: 1041
A52: витрати на страхування майна загальногосподарського призначення | B52: 1042 | D52: ( ) | E52: ( ) | F52: =SUM(G52:J52) -> 0 | G52: ( ) | H52: ( ) | I52: ( ) | J52: ( )
A53: витрати на страхування загальногосподарського персоналу | B53: 1043 | D53: ( ) | E53: ( ) | F53: =SUM(G53:J53) -> 0 | G53: ( ) | H53: ( ) | I53: ( ) | J53: ( )
A54: організаційно-технічні послуги | B54: 1044 | C54: -60 | D54: -12 | E54: -12 | F54: -12 | G54: -3 | H54: -3 | I54: -3 | J54: -3
A55: консультаційні та інформаційні послуги | B55: 1045 | C55: -0.2 | D55: -32 | E55: -32 | F55: -18 | G55: -4 | H55: -4 | I55: -6 | J55: -4
A56: юридичні послуги | B56: 1046 | D56: ( ) | E56: ( ) | F56: =SUM(G56:J56) -> 0 | G56: ( ) | H56: ( ) | I56: ( ) | J56: ( )
A57: послуги з оцінки майна | B57: 1047 | D57: ( ) | E57: ( ) | F57: =SUM(G57:J57) -> 0 | G57: ( ) | H57: ( ) | I57: ( ) | J57: ( )
A58: витрати на охорону праці загальногосподарського персоналу | B58: 1048 | D58: -2.6 | E58: -2.6 | F58: -2.6 | G58: -0.7 | H58: -0.7 | I58: -0.7 | J58: ( )
A59: витрати на підвищення кваліфікації та перепідготовку кадрів | B59: 1049 | D59: -23.7 | E59: -23.7 | F59: -13.7 | G59: -3.4 | H59: -3.4 | I59: -3.4 | J59: -5.3
A60: витрати на утримання основних фондів, інших необоротних активів загальногосподарського використання, у тому числі: | B60: 1050 | C60: -53.4 | D60: 0 | E60: 0 | F60: 0 | G60: 0 | H60: 0 | I60: 0 | J60: 0
A61: витрати на поліпшення основних фондів | B61: 1050/1 | D61: ( ) | E61: ( ) | F61: =SUM(G61:J61) -> 0 | G61: ( ) | I61: ( ) | J61: ( )
A62: інші адміністративні витрати (розшифрувати)посл.банку | B62: 1051 | C62: -24.8
A63: Витрати на збут, у тому числі: | B63: 1060
A64: транспортні витрати | B64: 1061 | C64: ( ) | D64: ( ) | E64: ( ) | F64: =SUM(G64:J64) -> 0 | G64: ( ) | H64: ( ) | I64: ( ) | J64: ( )
A65: витрати на зберігання та упаковку | B65: 1062 | C65: ( ) | D65: ( ) | E65: ( ) | F65: =SUM(G65:J65) -> 0 | G65: ( ) | H65: ( ) | I65: ( ) | J65: ( )
A66: витрати на оплату праці | B66: 1063 | C66: ( ) | D66: ( ) | E66: ( ) | F66: =SUM(G66:J66) -> 0 | G66: ( ) | H66: ( ) | I66: ( ) | J66: ( )
A67: відрахування на соціальні заходи | B67: 1064 | C67: ( ) | D67: ( ) | E67: ( ) | F67: =SUM(G67:J67) -> 0 | G67: ( ) | H67: ( ) | I67: ( ) | J67: ( )
A68: амортизація основних засобів і нематеріальних активів | B68: 1065 | C68: ( ) | D68: ( ) | E68: ( ) | F68: =SUM(G68:J68) -> 0 | G68: ( ) | H68: ( ) | I68: ( ) | J68: ( )
A69: витрати на рекламу | B69: 1066 | C69: ( ) | D69: ( ) | E69: ( ) | F69: =SUM(G69:J69) -> 0 | G69: ( ) | H69: ( ) | I69: ( ) | J69: ( )
A70: інші витрати на збут (розшифрувати) | B70: 1067
A71: Інші операційні доходи, усього, у тому числі: | B71: 1070 | C71: 0 | D71: 0 | E71: 0 | F71: 0 | G71: 0 | H71: 0 | I71: 0 | J71: 0
A72: надання платних послуг | F72: 0
A73: курсові різниці | B73: 1071 | D73: 0 | F73: =SUM(G73:J73) -> 0
A74: нетипові операційні доходи (розшифрувати) | B74: 1072 | C74: 0 | F74: =SUM(G74:J74) -> 0
A75: інші операційні доходи (надання платних послуг) | B75: 1073 | C75: 0 | D75: 0 | F75: =D75*1.1798 -> 0 | G75: 0 | H75: 0 | I75: 0 | J75: 0
A76: Інші операційні витрати, усього, у тому числі: | B76: 1080 | C76: -14 | D76: -500 | E76: -500 | F76: -800 | G76: -200 | H76: -200 | I76: -200 | J76: -200
A77: курсові різниці | B77: 1081 | C77: 0 | D77: 0 | E77: 0 | F77: =SUM(G77:J77) -> 0 | G77: 0 | H77: 0 | I77: 0 | J77: 0
A78: нетипові операційні витрати (розшифрувати) | B78: 1082 | C78: 0 | D78: 0 | E78: 0 | F78: =SUM(G78:J78) -> 0 | G78: 0 | H78: 0 | I78: 0 | J78: 0
A79: витрати на благодійну допомогу | B79: 1083 | C79: ( ) | D79: ( ) | E79: ( ) | F79: =SUM(G79:J79) -> 0 | G79: 0 | H79: 0 | I79: 0 | J79: 0
A80: відрахування до резерву сумнівних боргів | B80: 1084 | C80: ( ) | D80: ( ) | E80: ( ) | F80: =SUM(G80:J80) -> 0 | G80: 0 | H80: 0 | I80: 0 | J80: 0
A81: відрахування до недержавних пенсійних фондів | B81: 1085 | C81: ( ) | D81: ( ) | E81: ( ) | F81: =SUM(G81:J81) -> 0 | G81: 0 | H81: 0 | I81: 0 | J81: 0
A82: інші операційні витрати (екологічний податок,витрати на експертні щодо оцінки землі, нотаріальні послуги) | B82: 1086 | C82: -14 | D82: -500 | E82: -500 | F82: -800 | G82: -200 | H82: -200 | I82: -200 | J82: -200
A83: Фінансовий результат від операційної діяльності | B83: 1100 | C83: =SUM(C35,C36,C63,C71,C76) -> -1 | D83: =SUM(D35,D36,D63,D71,D76) -> -0.2 | E83: =SUM(E35,E36,E63,E71,E76) -> 0.2 | F83: =SUM(F35,F36,F63,F71,F76) -> 2.34 | G83: =SUM(G35,G36,G63,G71,G76) -> 0.15 | H83: =SUM(H35,H36,H63,H71,H76) -> 1.3 | I83: =SUM(I35,I36,I63,I71,I76) -> 1.3375 | J83: =SUM(J35,J36,J63,J71,J76) -> 2.471875
A84: Дохід від участі в капіталі (розшифрувати) | B84: 1110 | F84: =SUM(G84:J84) -> 0
A85: Втрати від участі в капіталі (розшифрувати) | B85: 1120 | C85: ( ) | D85: ( ) | E85: ( ) | F85: =SUM(G85:J85) -> 0 | G85: ( ) | H85: ( ) | I85: ( ) | J85: ( )
A86: Інші фінансові доходи (відсотки по депозиту) | B86: 1130 | C86: 11 | F86: =SUM(G86:J86) -> 0
A87: Фінансові витрати (відсотки по кредиту за придбання автомобілів) | B87: 1140 | C87: -127 | D87: ( ) | E87: ( ) | F87: =SUM(G87:J87) -> 0 | G87: ( ) | H87: ( ) | I87: ( ) | J87: ( )
A88: Інші доходи, усього, у тому числі: | B88: 1150 | C88: 42
A89: курсові різниці | B89: 1151 | F89: =SUM(G89:J89) -> 0
A90: інші доходи (розшифрувати)(Бюджет) | B90: 1152 | C90: 42
A91: Інші витрати, усього, у тому числі: | B91: 1160 | C91: 0 | D91: =SUM(D92:D93) -> 0 | E91: =SUM(E92:E93) -> 0 | F91: =SUM(G91:J91) -> 0 | G91: =SUM(G92:G93) -> 0 | H91: =SUM(H92:H93) -> 0 | I91: =SUM(I92:I93) -> 0 | J91: =SUM(J92:J93) -> 0
A92: курсові різниці | B92: 1161 | D92: ( ) | E92: ( ) | F92: =SUM(G92:J92) -> 0 | G92: ( ) | H92: ( ) | I92: ( ) | J92: ( )
A93: інші витрати (розшифрувати)(витрати по ліцензії) | B93: 1162 | C93: 0 | F93: =SUM(G93:J93) -> 0 | G93: ( ) | H93: ( ) | I93: ( ) | J93: ( )
A94: Фінансовий результат до оподаткування | B94: 1170 | C94: =SUM(C83:C88) -> -75 | D94: =SUM(D83,D84,D85,D86,D87,D88,D91) -> -0.2 | E94: =SUM(E83,E84,E85,E86,E87,E88,E91) -> 0.2 | F94: =SUM(F83,F84,F85,F86,F87,F88,F91) -> 2.34 | G94: =SUM(G83,G84,G85,G86,G87,G88,G91) -> 0.15 | H94: =SUM(H83,H84,H85,H86,H87,H88,H91) -> 1.3 | I94: =SUM(I83,I84,I85,I86,I87,I88,I91) -> 1.3375 | J94: =SUM(J83,J84,J85,J86,J87,J88,J91) -> 2.471875
A95: Витрати з податку на прибуток | B95: 1180 | C95: ( ) | D95: ( ) | E95: ( ) | F95: =SUM(G95:J95) -> 0 | G95: ( ) | H95: ( ) | I95: ( ) | J95: ( )
A96: Дохід з податку на прибуток | B96: 1181 | F96: =SUM(G96:J96) -> 0
A97: Прибуток від припиненої діяльності після оподаткування | B97: 1190 | F97: =SUM(G97:J97) -> 0
A98: Збиток від припиненої діяльності після оподаткування | B98: 1191 | C98: ( ) | D98: ( ) | E98: ( ) | F98: =SUM(G98:J98) -> 0 | G98: ( ) | H98: ( ) | I98: ( ) | J98: ( )
A99: Чистий фінансовий результат, у тому числі: | B99: 1200 | C99: =SUM(C94,C95,C96,C97,C98) -> -75 | D99: =SUM(D94,D95,D96,D97,D98) -> -0.2 | E99: =SUM(E94,E95,E96,E97,E98) -> 0.2 | F99: =SUM(F94,F95,F96,F97,F98) -> 2.34 | G99: =SUM(G94,G95,G96,G97,G98) -> 0.15 | H99: =SUM(H94,H95,H96,H97,H98) -> 1.3 | I99: =SUM(I94,I95,I96,I97,I98) -> 1.3375 | J99: =SUM(J94,J95,J96,J97,J98) -> 2.471875
A100: прибуток | B100: 1201
A101: збиток | B101: 1202
...

Sheet ІІ. Розр. з бюджетом
A1: IІ. Розрахунки з бюджетом
I2: тис.грн
A3: Найменування показника | B3: Код рядка | C3: Факт минулого року | D3: Фінансовий план поточного року | E3: Прогноз на поточний рік | F3: Плановий рік (усього) | G3: У тому числі за кварталами
G4: І | H4: ІІ | I4: ІІІ | J4: ІV
A5: 1 | B5: 2 | C5: 3 | D5: 4 | E5: 5 | F5: 6 | G5: 7 | H5: 8 | I5: 9 | J5: 10
A6: Розподіл чистого прибутку
A7: Залишок нерозподіленого прибутку (непокритого збитку) на початок звітного періоду | B7: 2000 | C7: -2504 | D7: -2503 | E7: -2503 | F7: -2501 | G7: -2501 | H7: -2500 | I7: -2499 | J7: -2499
A8: Нараховані до сплати відрахування частини чистого прибутку, усього, у тому числі: | B8: 2010 | C8: 0.1 | D8: 0.2 | E8: 0.2 | F8: 0.2 | G8: 0 | H8: 0.1 | I8: 0.1 | J8: 0
A9: державними унітарними підприємствами та їх об'єднаннями до державного бюджету | B9: 2011 | C9: 0.1 | D9: 0.2 | E9: 0.2 | F9: 0.2 | G9: 0 | H9: 0.1 | I9: 0.1 | J9: 0
A10: господарськими товариствами, у статутному капіталі яких більше 50 відсотків акцій (часток, паїв) належать державі, на виплату дивідендів | B10: 2012 | C10: ( ) | D10: ( ) | E10: ( ) | F10: =SUM(G10:J10) -> 0 | G10: ( ) | H10: ( ) | I10: ( ) | J10: ( )
A11: у тому числі на державну частку | B11: 2012/1 | C11: ( ) | D11: ( ) | E11: ( ) | F11: =SUM(G11:J11) -> 0 | G11: ( ) | H11: ( ) | I11: ( ) | J11: ( )
A12: Перенесено з додаткового капіталу | B12: 2020 | F12: =SUM(G12:J12) -> 0
A13: Розвиток виробництва | B13: 2030 | C13: ( ) | D13: ( ) | E13: ( ) | F13: =SUM(G13:J13) -> 0 | G13: ( ) | H13: ( ) | I13: ( ) | J13: ( )
A14: у тому числі за основними видами діяльності за КВЕД | B14: 2031 | C14: ( ) | D14: ( ) | E14: ( ) | F14: =SUM(G14:J14) -> 0 | G14: ( ) | H14: ( ) | I14: ( ) | J14: ( )
A15: Резервний фонд | B15: 2040 | C15: ( ) | D15: ( ) | E15: ( ) | F15: =SUM(G15:J15) -> 0 | G15: ( ) | H15: ( ) | I15: ( ) | J15: ( )
A16: Інші фонди (розшифрувати) | B16: 2050 | C16: ( ) | D16: ( ) | E16: ( ) | F16: =SUM(G16:J16) -> 0 | G16: ( ) | H16: ( ) | I16: ( ) | J16: ( )
A17: Інші цілі (розшифрувати) | B17: 2060 | C17: ( ) | D17: ( ) | E17: ( ) | F17: =SUM(G17:J17) -> 0 | G17: ( ) | H17: ( ) | I17: ( ) | J17: ( )
A18: Залишок нерозподіленого прибутку (непокритого збитку) на кінець звітного періоду | B18: 2070 | C18: -2504 | D18: -2503 | E18: -2503 | F18: -2501 | G18: -2501 | H18: -2500 | I18: -2499 | J18: -2499
A19: Сплата податків, зборів та інших обов'язкових платежів
A20: Сплата податків та зборів до Державного бюджету України (податкові платежі), усього, у тому числі: | B20: 2110 | C20: =SUM(C21:C29) -> 2325.8 | D20: =SUM(D21:D29) -> 3142.9 | E20: =SUM(E21:E29) -> 3142.9 | F20: =SUM(F21:F29) -> 3709.2 | G20: =SUM(G21:G29) -> 948 | H20: =SUM(H21:H29) -> 926.1 | I20: =SUM(I21:I29) -> 926.1 | J20: =SUM(J21:J29) -> 911
A21: податок на прибуток підприємств | B21: 2111 | C21: 0 | D21: 0 | E21: 0 | F21: 0 | G21: 0 | H21: 0 | I21: 0 | J21: 0
A22: податок на додану вартість, що підлягає сплаті до бюджету за підсумками звітного періоду | B22: 2112 | C22: 2158 | D22: 2870 | E22: 2870 | F22: 3387 | G22: 867 | H22: 845 | I22: 845 | J22: 830
A23: податок на додану вартість, що підлягає відшкодуванню з бюджету за підсумками звітного періоду | B23: 2113 | F23: =D23*1.1798 -> 0
A24: акцизний податок | B24: 2114 | F24: =D24*1.1798 -> 0
A25: відрахування частини чистого прибутку державними унітарними підприємствами та їх об'єднаннями | B25: 2115 | C25: 0.1 | D25: 0.2 | E25: 0.2 | F25: 0.2 | G25: 0 | H25: 0.1 | I25: 0.1 | J25: 0
A26: рентна плата за транспортування | B26: 2116 | F26: =D26*1.1798 -> 0
A27: рентна плата за користування надрами | B27: 2117 | C27: 0 | D27: 0 | E27: 0 | F27: 0 | G27: 0 | J27: 0
A28: податок на доходи фізичних осіб | B28: 2118 | F28: =D28*1.1798 -> 0
A29: інші податки та збори (розшифрувати) (військовий збір) | B29: 2119 | C29: 167.7 | D29: 272.7 | E29: 272.7 | F29: 322 | G29: 81 | H29: 81 | I29: 81 | J29: 81
A30: Сплата податків та зборів до місцевих бюджетів (податкові платежі), усього, у тому числі: | B30: 2120 | C30: =SUM(C31:C34) -> 2005.2 | D30: =SUM(D31:D34) -> 2668 | E30: =SUM(E31:E34) -> 2667.7 | F30: =SUM(F31:F34) -> 3864 | G30: =SUM(G31:G34) -> 966 | H30: =SUM(H31:H34) -> 966 | I30: =SUM(I31:I34) -> 966 | J30: =SUM(J31:J34) -> 966
A31: податок на доходи фізичних осіб | B31: 2121 | C31: 2005.2 | D31: 2668 | E31: 2667.7 | F31: 3864 | G31: 966 | H31: 966 | I31: 966 | J31: 966
A32: земельний податок | B32: 2122 | F32: =D32*1.1798 -> 0
A33: орендна плата (60% за оренд. прим) | B33: 2123 | F33: =D33*1.1798 -> 0
A34: інші податки та збори (розшифрувати) () | B34: 2124 | F34: =D34*1.1798 -> 0
A35: Інші податки, збори та платежі на користь держави, усього, у тому числі: | B35: 2130 | C35: =SUM(C36:C39) -> 2397 | D35: =SUM(D36:D39) -> 3730 | E35: =SUM(E36:E39) -> 3730 | F35: =SUM(F36:F39) -> 5523 | G35: =SUM(G36:G39) -> 1381 | H35: =SUM(H36:H39) -> 1381 | I35: =SUM(I36:I39) -> 1381 | J35: =SUM(J36:J39) -> 1381
A36: відрахування частини чистого прибутку господарськими товариствами, у статутному капіталі яких більше 50 відсотків акцій (часток, паїв) належать державі, на виплату дивідендів на державну частку | B36: 2131
A37: митні платежі | B37: 2132
A38: єдиний внесок на загальнообов'язкове державне соціальне страхування | B38: 2133 | C38: 2397 | D38: 3261 | E38: 3261 | F38: 4723 | G38: 1181 | H38: 1181 | I38: 1181 | J38: 1181
A39: інші податки, збори та платежі (екологічний податок) | B39: 2134 | D39: 469 | E39: 469 | F39: 800 | G39: 200 | H39: 200 | I39: 200 | J39: 200
A40: Погашення податкового боргу, усього, у тому числі: | B40: 2140
A41: погашення реструктуризованих та відстрочених сум, що підлягають сплаті в поточному році до бюджетів та державних цільових фондів | B41: 2141
A42: інші (штрафи, пені, неустойки) (розшифрувати) | B42: 2142
A43: Усього виплат на користь держави | B43: 2200 | C43: =C35+C30+C20 -> 6728 | D43: =D35+D30+D20 -> 9540.9 | E43: =E35+E30+E20 -> 9540.6 | F43: =F35+F30+F20 -> 13096.2 | G43: =G35+G30+G20 -> 3295 | H43: =H35+H30+H20 -> 3273.1 | I43: =I35+I30+I20 -> 3273.1 | J43: =J35+J30+J20 -> 3258
A45: Керівник Директор | C45: _____________________________ | H45: М.Б. ПОПЕЛЮК
A46: (посада) | C46: (підпис) | H46: (ініціали, прізвище)

Sheet ІІІ. Рух грош. коштів
A1: ІІІ. Рух грошових коштів (за прямим методом)
I2: тис.грн
A3: Найменування показника | B3: Код рядка | C3: Факт минулого року | D3: План поточного року | E3: Прогноз на поточний рік | F3: Плановий рік (усього) | G3: У тому числі за кварталами
G4: І | H4: ІІ | I4: ІІІ | J4: ІV
A5: 1 | B5: 2 | C5: 3 | D5: 4 | E5: 5 | F5: 6 | G5: 7 | H5: 8 | I5: 9 | J5: 10
A6: І. Рух коштів у результаті операційної діяльності
A7: Надходження грошових коштів від операційної діяльності | B7: 3000 | C7: 40551 | D7: =SUM(D8:D17) -> 44884 | E7: =SUM(E8:E17) -> 44884 | F7: =SUM(F8:F17) -> 62846 | G7: =G8+G9+G10+G11 -> 12484 | H7: =H8+H9+H10+H11 -> 18726 | I7: =I8+I9+I10+I11 -> 17606 | J7: =J8+J9+J10+J11 -> 14030
A8: Виручка від реалізації продукції (товарів, робіт, послуг) | B8: 3010 | C8: 40127 | D8: 44460 | E8: 44460 | F8: 62422 | G8: 12378 | H8: 18620 | I8: 17500 | J8: 13924
A9: Повернення податків і зборів, у тому числі: | B9: 3020 | F9: =D9*1.1798 -> 0
A10: податку на додану вартість | B10: 3021 | C10: 0 | D10: 0 | F10: =D10*1.1798 -> 0
A11: Цільове фінансування (розшифрувати) БЮДЖЕТ, ЛІКАРНЯНІ | B11: 3030 | C11: 424 | D11: 424 | E11: 424 | F11: 424 | G11: =F11/4 -> 106 | H11: 106 | I11: 106 | J11: 106
A12: Надходження авансів від покупців і замовників | B12: 3040
A13: Отримання коштів за короткостроковими зобов'язаннями, у тому числі: | B13: 3050
A14: кредити | B14: 3051
A15: позики | B15: 3052
A16: облігації | B16: 3053
A17: Інші надходження (розшифрувати) -ОРЕНДА, | B17: 3060 | C17: 0
A18: Видатки грошових коштів від операційної діяльності | B18: 3100 | C18: =C19+C20+C21+C25+C34+C36 -> -40288 | D18: =D19+D20+D21+D25+D34+D36 -> -44126.5 | E18: =E19+E20+E21+E25+E34 -> -44040.5 | F18: =F19+F20+F21+F25+F34 -> -61166.948 | G18: =G19+G20+G21+G25+G34 -> -12483.75 | H18: =H19+H20+H21+H25+H34 -> -17180 | I18: =I19+I20+I21+I25+I34 -> -17506 | J18: =J19+J20+J21+J25+J34 -> -13997
A19: Розрахунки за продукцію (товари, роботи та послуги) | B19: 3110 | C19: -24549 | D19: -16496 | E19: =D19 -> -16496 | F19: -27315 | G19: -4934 | H19: -9630 | I19: -9956 | J19: -9255
A20: Розрахунки з оплати праці | B20: 3120 | C20: -8861 | D20: -14820 | E20: =D20 -> -14820 | F20: -17903 | G20: =F20/4 -> -4475.75 | H20: -4476 | I20: -4476 | J20: -4476
A21: Повернення коштів за короткостроковими зобов'язаннями, у тому числі: | B21: 3130 | E21: =D21 -> 0
A22: кредити | B22: 3131 | E22: =D22 -> 0
A23: позики | B23: 3132 | E23: =D23 -> 0
A24: облігації | B24: 3133 | E24: =D24 -> 0
A25: Зобов’язання з податків, зборів та інших обов’язкових платежів, у тому числі: | B25: 3140 | C25: =C26+C27+C30+C31 -> -4342 | D25: =D26+D27+D30+D32+D33+D34 -> -9242.2 | E25: =D25 -> -9242.2 | F25: =D25*1.1798 -> -10903.948 | G25: =G26+G27+G30 -> -1812.75 | H25: =H26+H27+H30 -> -1813 | I25: =I26+I27+I30 -> -1813 | J25: 995
A26: податок на прибуток підприємств | B26: 3141 | C26: 0 | D26: 0 | E26: =D26 -> 0 | F26: =D26*1.1798 -> 0 | G26: 0 | H26: 0 | I26: 0 | J26: 0
A27: податок на додану вартість | B27: 3142 | C27: -2158 | D27: -2870 | E27: =D27 -> -2870 | F27: -3387 | G27: =F27/4 -> -846.75 | H27: -847 | I27: -847 | J27: -847
A28: акцизний податок | B28: 3143 | E28: =D28 -> 0 | F28: =D28*1.1798 -> 0
A29: рентна плата | B29: 3144 | E29: =D29 -> 0 | F29: =D29*1.1798 -> 0
A30: податок на доходи фізичних осіб | B30: 3145 | C30: -2184 | D30: -2889.9 | E30: =D30 -> -2889.9 | F30: -3864 | G30: =F30/4 -> -966 | H30: -966 | I30: -966 | J30: -966
A31: інші обов’язкові платежі, у тому числі: | B31: 3146 | C31: 0 | D31: =D32 -> 0 | E31: =D31 -> 0 | F31: =D31*1.1798 -> 0 | G31: 0 | H31: 0 | I31: 0 | J31: 0
A32: відрахування частини чистого прибутку державними підприємствами | B32: 3146/1 | C32: 0 | D32: 0 | E32: =D32 -> 0 | F32: =D32*1.1798 -> 0 | G32: 0 | H32: 0 | I32: 0 | J32: 0
A33: відрахування частини чистого прибутку державними підприємствами | B33: 3146/2 | E33: =D33 -> 0
A34: інші платежі (розшифрувати) податки (єсв., екол,зем,радіоч,військ,профс.) | B34: 3150 | C34: -2017 | D34: =-(3260+222.3) -> -3482.3 | E34: =D34 -> -3482.3 | F34: -5045 | G34: =F34/4 -> -1261.25 | H34: -1261 | I34: -1261 | J34: -1261
A35: Повернення коштів до бюджету | B35: 3160 | E35: =D35 -> 0
A36: Інші витрати (розшифрувати), (Відрядж. Банк.послуги, ліценз, авторська винагор. мат.доп.) | B36: 3170 | C36: -519 | D36: -86 | E36: =D36 -> -86 | F36: -86 | G36: =F36/4 -> -21.5 | H36: -22 | I36: -22 | J36: -20
A37: Чистий рух коштів від операційної діяльності | B37: 3195 | C37: =C7+C18 -> 263 | D37: =D7+D18 -> 757.5 | E37: =E7+E18 -> 843.5 | F37: =F7+F18 -> 1679.0524 | G37: =G7+G18 -> 0.25 | H37: =H7+H18 -> 1546 | I37: =I7+I18 -> 100 | J37: =J7+J18 -> 33
A38: II. Рух коштів у результаті інвестиційної діяльності | E38: =D38 -> 0
A39: Надходження грошових коштів від інвестиційної діяльності | B39: 3200 | C39: =SUM(C40:C43) -> 1410 | D39: =SUM(D40:D43) -> 571 | E39: =SUM(E40:E43) -> 571 | F39: =SUM(F40:F43) -> 0 | G39: =SUM(G40:G43) -> 0 | H39: =SUM(H40:H43) -> 0 | I39: =SUM(I40:I43) -> 0 | J39: =SUM(J40:J43) -> 0
A40: Виручка від реалізації фінансових інвестицій | B40: 3210 | E40: =D40 -> 0
A41: Виручка від реалізації необоротних активів | B41: 3220 | E41: =D41 -> 0
A42: Надходження від продажу акцій та облігацій | B42: 3230 | E42: =D42 -> 0
A43: Інші надходження (внески в стутний фонд шляхом внесення сум виплат на погашення тіла кредиту) | B43: 3240 | C43: 1410 | D43: 571 | E43: =D43 -> 571
A44: Видатки грошових коштів від інвестиційної діяльності | B44: 3255 | C44: =SUM(C45:C49) -> 0 | D44: =SUM(D45:D49) -> -1541 | E44: =SUM(E45:E49) -> -1541 | F44: =SUM(F45:F49) -> -1500 | G44: =SUM(G45:G49) -> 0 | H44: =SUM(H45:H49) -> -1500 | I44: =SUM(I45:I49) -> 0 | J44: =SUM(J45:J49) -> 0
A45: Придбання (створення) основних засобів (розшифрувати) | B45: 3260 | D45: -1541 | E45: =D45 -> -1541 | F45: -1500 | H45: -1500
A46: Капітальне будівництво (розшифрувати) | B46: 3265 | E46: =D46 -> 0
A47: Придбання (створення) нематеріальних активів (розшифрувати) | B47: 3270 | E47: =D47 -> 0
A48: Придбання акцій та облігацій | B48: 3275 | E48: =D48 -> 0
A49: Інші витрати | B49: 3280 | C49: 0 | E49: =D49 -> 0
A50: Чистий рух коштів від інвестиційної діяльності | B50: 3295 | C50: =C39-C44 -> 1410 | D50: =D39+D44 -> -970 | E50: =E39+E44 -> -970 | F50: =F39+F44 -> -1500 | G50: =G39-G44 -> 0 | H50: =H39+H44 -> -1500 | I50: =I39-I44 -> 0 | J50: =J39-J44 -> 0
A51: III. Рух коштів у результаті фінансової діяльності | E51: =D51 -> 0
A52: Надходження грошових коштів від фінансової діяльності | B52: 3300 | C52: =SUM(C53:C58) -> 0 | D52: =SUM(D53:D58) -> 23 | E52: =SUM(E53:E58) -> 23 | F52: =SUM(F53:F58) -> 20 | G52: =SUM(G53:G58) -> 5 | H52: =SUM(H53:H58) -> 5 | I52: =SUM(I53:I58) -> 5 | J52: =SUM(J53:J58) -> 5
A53: Надходження від власного капіталу | B53: 3310 | E53: =D53 -> 0
A54: Отримання коштів за довгостроковими зобов'язаннями, у тому числі: | B54: 3320 | E54: =D54 -> 0
A55: кредити | B55: 3321 | E55: =D55 -> 0
A56: позики | B56: 3322 | E56: =D56 -> 0
A57: облігації | B57: 3323 | E57: =D57 -> 0
A58: Інші надходження (розшифрувати) % | B58: 3340 | D58: 23 | E58: =D58 -> 23 | F58: 20 | G58: 5 | H58: 5 | I58: 5 | J58: 5
A59: Видатки грошових коштів від фінансової діяльності | B59: 3345 | C59: =SUM(C61:C66) -> -1656.9 | D59: =SUM(D61:D66) -> 0 | E59: =SUM(E61:E66) -> 0 | F59: =SUM(F61:F66) -> 0 | G59: =SUM(G61:G66) -> 0 | H59: =SUM(H61:H66) -> 0 | I59: =SUM(I61:I66) -> 0 | J59: =SUM(J61:J66) -> 0
A60: Витрачання на викуп власних акцій | B60: 3350 | E60: =D60 -> 0
A61: Повернення коштів за довгостроковими зобов'язаннями, у тому числі: | B61: 3360 | E61: =D61 -> 0
A62: кредити | B62: 3361 | E62: =D62 -> 0
A63: позики | B63: 3362 | E63: =D63 -> 0
A64: облігації | B64: 3363 | E64: =D64 -> 0
A65: Сплата дивідендів | B65: 3370 | E65: =D65 -> 0
A66: Інші витрати (погашення тіла кредиту, відсотки по кредиту) | B66: 3380 | C66: -1656.9
A67: Чистий рух коштів від фінансової діяльності | B67: 3395 | C67: =C59+C52 -> -1656.9 | D67: =D59+D52 -> 23 | E67: =E59+E52 -> 23 | F67: =F59+F52 -> 20 | G67: =G59+G52 -> 5 | H67: =H59+H52 -> 5 | I67: =I59+I52 -> 5 | J67: =J59+J52 -> 5
A68: Чистий грошовий потік | B68: 3400 | C68: =C37+C50+C66 -> 16.1 | D68: -213 | E68: =E37+E50+E66 -> -126.5 | F68: =F37+F50+F66 -> 179.05244 | G68: =G37+G50+G66 -> 0.25 | H68: =H37+H50+H66 -> 46 | I68: =I37+I50+I66 -> 100 | J68: =J37+J50+J66 -> 33
A69: Залишок коштів на початок періоду | B69: 3405 | C69: 397 | D69: 413 | E69: =D69 -> 413 | F69: 200 | G69: 200 | H69: 200 | I69: 246 | J69: 346
A70: Вплив зміни валютних курсів на залишок коштів | B70: 3410 | E70: =D70 -> 0
A71: Залишок коштів на кінець періоду | B71: 3415 | C71: =C68+C69 -> 413.1 | D71: =D68+D69 -> 200 | E71: =D71 -> 200 | F71: =F68+F69 -> 379.05244 | G71: =G68+G69 -> 200.25 | H71: =H68+H69 -> 246 | I71: =I68+I69 -> 346 | J71: =J68+J69 -> 379
A75: Керівник Директор | C75: _____________________________ | H75: М.Б. ПОПЕЛЮК
A76: (посада) | C76: (підпис) | H76: (ініціали, прізвище)

Sheet IV. Кап. інвестиції
A1: IV. Капітальні інвестиції
A2: тис.грн
A3: Найменування показника | B3: Код рядка | C3: Факт минулого року | D3: Фінансовий план поточного року | E3: Прогноз на поточний рік | F3: Плановий рік (усього) | G3: У тому числі за кварталами
G4: І | H4: ІІ | I4: ІІІ | J4: ІV
A5: 1 | B5: 2 | C5: 3 | D5: 4 | E5: 5 | F5: 6 | G5: 7 | H5: 8 | I5: 9 | J5: 10
A6: Капітальні інвестиції, усього, у тому числі: | B6: 4000 | D6: 1541 | E6: 1541 | F6: 1500 | G6: 375 | H6: 375 | I6: 375 | J6: 375
A7: капітальне будівництво | B7: 4010
A8: придбання (виготовлення) основних засобів | B8: 4020 | D8: 1541 | E8: 1541 | F8: 1500 | G8: 375 | H8: 375 | I8: 375 | J8: 375
A9: придбання (виготовлення) інших необоротних матеріальних активів | B9: 4030
A10: придбання (створення) нематеріальних активів | B10: 4040
A11: модернізація, модифікація (добудова, дообладнання, реконструкція) основних засобів | B11: 4050 | D11: 0 | F11: 0 | J11: 0
A12: капітальний ремонт | B12: 4060 | F12: =SUM(G12:J12) -> 0
A16: Керівник Директор | C16: _____________________________ | H16: М.Б. ПОПЕЛЮК
A17: (посада) | C17: (підпис) | H17: (ініціали, прізвище)

Sheet  V. Коефіцієнти
A1: V. Коефіцієнтний аналіз
A3: Найменування показника | B3: Код рядка | C3: Оптимальне значення | D3: Факт минулого року | E3: Фінансовий план поточного року | F3: Прогноз на поточний рік | G3: Плановий рік | H3: Примітки
A5: 1 | B5: 2 | C5: 3 | D5: 4 | E5: 5 | F5: 6 | G5: 7 | H5: 8
A6: Коефіцієнти рентабельності та прибутковості
A7: Валова рентабельність (валовий прибуток, рядок 1020 / чистий дохід від реалізації продукції (товарів, робіт, послуг), рядок 1000) х 100, % | B7: 5000 | C7: Збільшення | D7: =('I. Фін результат'!C35/'I. Фін результат'!C7)*100% -> 0.11741654 | E7: =('I. Фін результат'!D35/'I. Фін результат'!D7)*100% -> 0.20179937 | F7: =('I. Фін результат'!E35/'I. Фін результат'!E7)*100% -> 0.20179937 | G7: =('I. Фін результат'!F35/'I. Фін результат'!F7)*100% -> 0.2181937
A8: Рентабельність EBITDA (EBITDA, рядок 1310 / чистий дохід від реалізації продукції (товарів, робіт, послуг), рядок 1000) х 100, % | B8: 5010 | C8: Збільшення | D8: =('I. Фін результат'!C112/'I. Фін результат'!C7)*100% -> 0.027312433 | E8: =('I. Фін результат'!D112/'I. Фін результат'!D7)*100% -> 0.026525866 | F8: =('I. Фін результат'!E112/'I. Фін результат'!E7)*100% -> 0.026477733 | G8: =('I. Фін результат'!F112/'I. Фін результат'!F7)*100% -> 0.022671767
A9: Рентабельність активів (чистий фінансовий результат, рядок 1200 / вартість активів, рядок 6020) х 100, % | B9: 5020 | C9: Збільшення | H9: Характеризує ефективність використання активів підприємства
A10: Рентабельність власного капіталу (чистий фінансовий результат, рядок 1200 / власний капітал, рядок 6080) х 100, % | B10: 5030 | C10: Збільшення
A11: Рентабельність діяльності (чистий фінансовий результат, рядок 1200 / чистий дохід від реалізації продукції (товарів, робіт, послуг), рядок 1000) х 100, % | B11: 5040 | C11: Збільшення | D11: ='Осн. фін. пок.'!C62/'Осн. фін. пок.'!C41*100 -> -0.22436281 | E11: ='Осн. фін. пок.'!D62/'Осн. фін. пок.'!D41*100 -> -0.00044984256 | G11: ='Осн. фін. пок.'!F62/'Осн. фін. пок.'!F41*100 -> 0.0044984428 | H11: Характеризує ефективність господарської діяльності підприємства
A12: Коефіцієнти фінансової стійкості та ліквідності
A13: Коефіцієнт відношення боргу до EBITDA (довгострокові зобов'язання, рядок 6030 + поточні зобов'язання, рядок 6040) / EBITDA, рядок 1310 | B13: 5100
A14: Коефіцієнт фінансової стійкості (власний капітал, рядок 6080 / (довгострокові зобов'язання, рядок 6030 + поточні зобов'язання, рядок 6040)) | B14: 5110 | C14: > 1 | H14: Характеризує співвідношення власних та позикових коштів і залежність підприємства від зовнішніх фінансових джерел
A15: Коефіцієнт поточної ліквідності (покриття) (оборотні активи, рядок 6010 / поточні зобов'язання, рядок 6040) | B15: 5120 | C15: > 1 | H15: Показує достатність ресурсів підприємства, які може бути використано для погашення його поточних зобов'язань. Нормативним значенням для цього показника є > 1–1,5
A16: Аналіз капітальних інвестицій
A17: Коефіцієнт відношення капітальних інвестицій до амортизації (капітальні інвестиції, рядок 4000 / амортизація, рядок 1430) | B17: 5200 | D17: ='Осн. фін. пок.'!C88/'I. Фін результат'!C111*100 -> #DIV/0!
A18: Коефіцієнт відношення капітальних інвестицій до чистого доходу від реалізації продукції (товарів, робіт, послуг) (капітальні інвестиції, рядок 4000 / чистий дохід від реалізації продукції (товарів, робіт, послуг), рядок 1000) | B18: 5210 | D18: ='Осн. фін. пок.'!C88/'Осн. фін. пок.'!C41*100 -> 0
A19: Коефіцієнт зносу основних засобів (сума зносу, рядок 6003 / первісна вартість основних засобів, рядок 6002) | B19: 5220 | C19: Зменшення | H19: Характеризує інвестиційну політику підприємства
A20: Ковенанти/обмежувальні коефіцієнти
A21: Інші коефіцієнти/ковенанти, якщо такі передбачені умовами кредитних договорів, із зазначенням банку, валюти та суми зобов'язання на дату останньої звітності, строку погашення. У графі "Оптимальне значення" вказати граничне значення коефіцієнта | B21: 5300
A25: Керівник Директор | C25: _____________________________ | H25: М.Б. ПОПЕЛЮК
A26: (посада) | C26: (підпис) | H26: (ініціали, прізвище)

Sheet 6.1. Інша інфо_1
A1: Інформація
A2: до фінансового плану на 2022 рік
A3: КОМУНАЛЬНЕ ПІДПРИЄМСТВО "Полігон Екологія"
A4: (найменування підприємства)
A5: 1. Дані про підприємство, персонал та витрати на оплату праці тис.грн
A7: Загальна інформація про підприємство (резюме)
A9: Найменування показника | D9: Факт минулого року | F9: Фінансовий план поточного року | H9: Прогноз на поточний рік | J9: Плановий рік | L9: Плановий рік до прогнозу на поточний рік, % | N9: Плановий рік до факту минулого року, %
A10: 1 | D10: 2 | F10: 3 | H10: 4 | J10: 5 | L10: 6 | N10: 7
A11: Середня кількість працівників (штатних працівників, зовнішніх сумісників та працівників, що працюють за цивільно-правовими договорами), у тому числі: | D11: 91 | F11: 93 | H11: 93 | J11: 137 | L11: =J11/H11*100 -> 147.31183 | N11: =J11/D11*100 -> 150.54945
A12: директор | D12: 1 | F12: 1 | H12: 1 | J12: 1 | L12: =J12/H12*100 -> 100 | N12: =J12/D12*100 -> 100
A13: адміністративно-управлінський персонал | D13: 14 | F13: 16 | H13: 16 | J13: 16 | L13: =J13/H13*100 -> 100 | N13: =J13/D13*100 -> 114.28571
A14: працівники | D14: 76 | F14: =F11-F12-F13 -> 76 | H14: 76 | J14: =J11-J12-J13 -> 120 | L14: =J14/H14*100 -> 157.89474 | N14: =J14/D14*100 -> 157.89474
A15: Фонд оплати праці, тис. грн, у тому числі: | D15: =SUM(D16:E18) -> 10849.7 | F15: =SUM(F16:G18) -> 16596 | H15: 16596 | J15: =SUM(J16:K18) -> 24606 | L15: =J15/H15*100 -> 148.26464 | N15: =J15/D15*100 -> 226.78968
A16: директор | D16: 394 | F16: 489 | H16: 489 | J16: 594 | L16: =J16/H16*100 -> 121.47239 | N16: =J16/D16*100 -> 150.76142
A17: адміністративно-управлінський персонал | D17: 2084.7 | F17: 2648 | H17: 2648 | J17: 3594 | L17: =J17/H17*100 -> 135.72508 | N17: =J17/D17*100 -> 172.39891
A18: працівники | D18: 8371 | F18: 13459 | H18: 13459 | J18: 20418 | L18: =J18/H18*100 -> 151.70518 | N18: =J18/D18*100 -> 243.91351
A19: Витрати на оплату праці, тис. грн, у тому числі: | D19: 10850 | F19: 16596 | H19: 16596 | J19: 24606 | L19: =J19/H19*100 -> 148.26464 | N19: =J19/D19*100 -> 226.78341
A20: директор | D20: 394 | F20: 489 | H20: 489 | J20: 594 | L20: =J20/H20*100 -> 121.47239 | N20: =J20/D20*100 -> 150.76142
A21: адміністративно-управлінський персонал | D21: 2085 | F21: 2648 | H21: 2648 | J21: 3594 | L21: =J21/H21*100 -> 135.72508 | N21: =J21/D21*100 -> 172.3741
A22: працівники | D22: 8371 | F22: 13459 | H22: 13459 | J22: 20418 | L22: =J22/H22*100 -> 151.70518 | N22: =J22/D22*100 -> 243.91351
A23: Середньомісячні витрати на оплату праці одного працівника (грн), усього, у тому числі: | D23: =D19/D11*1000/12 -> 9935.8974 | F23: =F19/F11*1000/12 -> 14870.968 | H23: =H19/H11*1000/12 -> 14870.968 | J23: =J19/J11*1000/12 -> 14967.153 | L23: =J23/H23*100 -> 100.6468 | N23: =J23/D23*100 -> 150.63716
A24: директор | D24: =D20/D12*1000/12 -> 32833.333 | F24: =F20/F12*1000/12 -> 40750 | H24: =H20/H12*1000/12 -> 40750 | J24: =J20/J12*1000/12 -> 49500 | L24: =J24/H24*100 -> 121.47239 | N24: =J24/D24*100 -> 150.76142
A25: адміністративно-управлінський персонал | D25: =D21/D13*1000/12 -> 12410.714 | F25: =F21/F13*1000/12 -> 13791.667 | H25: =H21/H13*1000/12 -> 13791.667 | J25: =J21/J13*1000/12 -> 18718.75 | L25: =J25/H25*100 -> 135.72508 | N25: =J25/D25*100 -> 150.82734
A26: працівники | D26: =D22/D14*1000/12 -> 9178.7281 | F26: =F22/F14*1000/12 -> 14757.675 | H26: =H22/H14*1000/12 -> 14757.675 | J26: =J22/J14*1000/12 -> 14179.167 | L26: =J26/H26*100 -> 96.079947 | N26: =J26/D26*100 -> 154.47856
A28: У разі збільшення витрат на оплату праці в плановому році порівняно з установленим рівнем поточного року та фактом попереднього року надаються відповідні обґрунтування.
A30: 2. Перелік підприємств, які включені до консолідованого (зведеного) фінансового плану
A32: Код за ЄДРПОУ | B32: Найменування підприємства | F32: Вид діяльності
A33: 1 | B33: 2 | F33: 3
A36: 3. Інформація про бізнес підприємства (код рядка 1000 фінансового плану)
A38: Найменування видів діяльності за КВЕД | B38: Питома вага в загальному обсязі реалізації, % | D38: Фактичний показник за 2019 минулий рік | G38: Плановий показник поточного2020 року | J38: Фактичний показник поточного року за останній звітний період на 31.123.2021р | M38: Плановий 2022 рік
B39: за минулий рік | C39: за плановий рік | D39: чистий дохід від реалізації продукції (товарів, робіт, послуг), тис. грн | E39: кількість продукції/ наданих послуг, одиниця виміру | F39: ціна одиниці (вартість продукції/ наданих послуг), грн | G39: чистий дохід від реалізації продукції (товарів, робіт, послуг), тис. грн | H39: кількість продукції/ наданих послуг, одиниця виміру | I39: ціна одиниці (вартість продукції/ наданих послуг), грн | J39: чистий дохід від реалізації продукції (товарів, робіт, послуг), тис. грн | K39: кількість продукції/ наданих послуг, одиниця виміру | L39: ціна одиниці (вартість продукції/ наданих послуг), грн | M39: чистий дохід від реалізації продукції (товарів, робіт, послуг), тис. грн | N39: кількість продукції/ наданих послуг, одиниця виміру | O39: ціна одиниці (вартість продукції/ наданих послуг), грн
A40: 1 | B40: 2 | C40: 3 | D40: 4 | E40: 5 | F40: 6 | G40: 7 | H40: 8 | I40: 9 | J40: 10 | K40: 11 | L40: 12 | M40: 13 | N40: 14 | O40: 15
A43: Усього | B43: 105 | C43: 0 | J43: 105 | M43: ='Осн. фін. пок.'!F62 -> 2.34
A45: 4. Діючі фінансові зобов'язання підприємства
A47: Найменування банку | B47: Вид кредитного продукту та цільове призначення | D47: Сума, валюта за договорами | F47: Процентна ставка | H47: Дата видачі/погашення (графік) | K47: Заборгованість на останню дату | M47: Забезпечення
A48: 1 | B48: 2 | D48: 3 | F48: 4 | H48: 5 | K48: 6 | M48: 7
A52: Усього | B52: х | D52: х | F52: х | K52: =SUM(K49:K51) -> 0
A54: 5. Інформація щодо отримання та повернення залучених коштів
A56: Зобов'язання | D56: Заборгованість за кредитами на початок ______ року | G56: План із залучення коштів | J56: План з повернення коштів | M56: Заборгованість за кредитами на кінець ______ року
A57: 1 | D57: 2 | G57: 3 | J57: 4 | M57: 5
A58: Довгострокові зобов'язання, усього | M58: =D58+G58-J58 -> 0
A59: у тому числі:
A61: Короткострокові зобов'язання, усього | M61: =D61+G61-J61 -> 0
A62: у тому числі:
A64: Інші фінансові зобов'язання, усього | M64: =D64+G64-J64 -> 0
A65: у тому числі:
A67: Усього | D67: =SUM(D58,D61,D64) -> 0 | G67: =SUM(G58,G61,G64) -> 0 | J67: =SUM(J58,J61,J64) -> 0 | M67: =D67+G67-J67 -> 0

Sheet 6.2. Інша інфо_2
B2: 6. Витрати, пов'язані з використанням власних службових автомобілів (у складі адміністративних витрат, рядок 1031)
A4: № з/п | B4: Марка | C4: Рік придбання | G4: Мета використання | N4: Витрати, усього | Z4: Плановий рік до плану поточного року, % | AC4: Плановий рік до факту минулого року, %
N5: факт минулого року | R5: фінансовий план поточного року | V5: плановий рік
A6: 1 | B6: 2 | C6: 3 | G6: 4 | N6: 5 | R6: 6 | V6: 7 | Z6: 8 | AC6: 9
A7: 1 | Z7: =(V7/R7)*100 -> #DIV/0! | AC7: =(V7/N7)*100 -> #DIV/0!
Z8: =(V8/R8)*100 -> #DIV/0! | AC8: =(V8/N8)*100 -> #DIV/0!
Z9: =(V9/R9)*100 -> #DIV/0! | AC9: =(V9/N9)*100 -> #DIV/0!
Z10: =(V10/R10)*100 -> #DIV/0! | AC10: =(V10/N10)*100 -> #DIV/0!
A11: Усього | N11: =SUM(N7:N10) -> 0 | R11: =SUM(R7:R10) -> 0 | V11: =SUM(V7:V10) -> 0 | Z11: =(V11/R11)*100 -> #DIV/0! | AC11: =(V11/N11)*100 -> #DIV/0!
B13: 7. Витрати на оренду службових автомобілів (у складі адміністративних витрат, рядок 1032)
A15: № з/п | B15: Договір | C15: Марка | G15: Мета використання | N15: Дата початку оренди | Q15: Витрати, усього | Z15: Плановий рік до плану поточного року, % | AC15: Плановий рік до факту минулого року, %
Q16: факт минулого року | T16: фінансовий план поточного року | W16: плановий рік
A18: 1 | B18: 2 | C18: 3 | G18: 4 | N18: 5 | Q18: 6 | T18: 7 | W18: 8 | Z18: 9 | AC18: 10
Z19: =(W19/T19)*100 -> #DIV/0! | AC19: =(W19/Q19)*100 -> #DIV/0!
Z20: =(W20/T20)*100 -> #DIV/0! | AC20: =(W20/Q20)*100 -> #DIV/0!
Z21: =(W21/T21)*100 -> #DIV/0! | AC21: =(W21/Q21)*100 -> #DIV/0!
Z22: =(W22/T22)*100 -> #DIV/0! | AC22: =(W22/Q22)*100 -> #DIV/0!
A23: Усього | Q23: =SUM(Q19:Q22) -> 0 | T23: =SUM(T19:T22) -> 0 | W23: =SUM(W19:W22) -> 0 | Z23: =(W23/T23)*100 -> #DIV/0! | AC23: =(W23/Q23)*100 -> #DIV/0!
B26: 8. Джерела капітальних інвестицій
AE27: тис. грн (без ПДВ)
A28: № з/п | B28: Найменування об’єкта | G28: Залучення кредитних коштів | L28: Бюджетне фінансування | Q28: Власні кошти (розшифрувати) | V28: Інші джерела (розшифрувати) | AA28: Усього
G29: рік | H29: у тому числі за кварталами | L29: рік | M29: у тому числі за кварталами | Q29: рік | R29: у тому числі за кварталами | V29: рік | W29: у тому числі за кварталами | AA29: рік | AB29: у тому числі за кварталами
H30: І | I30: ІІ | J30: ІІІ | K30: ІV | M30: І | N30: ІІ | O30: ІІІ | P30: ІV | R30: І | S30: ІІ | T30: ІІІ | U30: ІV | W30: І | X30: ІІ | Y30: ІІІ | Z30: ІV | AB30: І | AC30: ІІ | AD30: ІІІ | AE30: ІV
A31: 1 | B31: 2 | G31: 3 | H31: 4 | I31: 5 | J31: 6 | K31: 7 | L31: 8 | M31: 9 | N31: 10 | O31: 11 | P31: 12 | Q31: 13 | R31: 14 | S31: 15 | T31: 16 | U31: 17 | V31: 18 | W31: 19 | X31: 20 | Y31: 21 | Z31: 22 | AA31: 23 | AB31: 24 | AC31: 25 | AD31: 26 | AE31: 27
G32: =SUM(H32,I32,J32,K32) -> 0 | L32: =SUM(M32,N32,O32,P32) -> 0 | Q32: =SUM(R32,S32,T32,U32) -> 0 | V32: =SUM(W32,X32,Y32,Z32) -> 0 | AA32: =SUM(AB32,AC32,AD32,AE32) -> 0 | AB32: =SUM(H32,M32,R32,W32) -> 0 | AC32: =SUM(I32,N32,S32,X32) -> 0 | AD32: =SUM(J32,O32,T32,Y32) -> 0 | AE32: =SUM(K32,P32,U32,Z32) -> 0
G33: =SUM(H33,I33,J33,K33) -> 0 | L33: =SUM(M33,N33,O33,P33) -> 0 | Q33: =SUM(R33,S33,T33,U33) -> 0 | V33: =SUM(W33,X33,Y33,Z33) -> 0 | AA33: =SUM(AB33,AC33,AD33,AE33) -> 0 | AB33: =SUM(H33,M33,R33,W33) -> 0 | AC33: =SUM(I33,N33,S33,X33) -> 0 | AD33: =SUM(J33,O33,T33,Y33) -> 0 | AE33: =SUM(K33,P33,U33,Z33) -> 0
G34: =SUM(H34,I34,J34,K34) -> 0 | L34: =SUM(M34,N34,O34,P34) -> 0 | Q34: =SUM(R34,S34,T34,U34) -> 0 | V34: =SUM(W34,X34,Y34,Z34) -> 0 | AA34: =SUM(AB34,AC34,AD34,AE34) -> 0 | AB34: =SUM(H34,M34,R34,W34) -> 0 | AC34: =SUM(I34,N34,S34,X34) -> 0 | AD34: =SUM(J34,O34,T34,Y34) -> 0 | AE34: =SUM(K34,P34,U34,Z34) -> 0
G35: =SUM(H35,I35,J35,K35) -> 0 | L35: =SUM(M35,N35,O35,P35) -> 0 | Q35: =SUM(R35,S35,T35,U35) -> 0 | V35: =SUM(W35,X35,Y35,Z35) -> 0 | AA35: =SUM(AB35,AC35,AD35,AE35) -> 0 | AB35: =SUM(H35,M35,R35,W35) -> 0 | AC35: =SUM(I35,N35,S35,X35) -> 0 | AD35: =SUM(J35,O35,T35,Y35) -> 0 | AE35: =SUM(K35,P35,U35,Z35) -> 0
A36: Усього | G36: =SUM(G32:G35) -> 0 | H36: =SUM(H32:H35) -> 0 | I36: =SUM(I32:I35) -> 0 | J36: =SUM(J32:J35) -> 0 | K36: =SUM(K32:K35) -> 0 | L36: =SUM(L32:L35) -> 0 | M36: =SUM(M32:M35) -> 0 | N36: =SUM(N32:N35) -> 0 | ... AE36: =SUM(AE32:AE35) -> 0
A37: Відсоток | G37: =G36/AA36*100 -> #DIV/0! | L37: =L36/AA36*100 -> #DIV/0! | Q37: =Q36/AA36*100 -> #DIV/0! | V37: =V36/AA36*100 -> #DIV/0! | AA37: =SUM(G37,L37,Q37,V37) -> #DIV/0!
B40: 9. Капітальне будівництво (рядок 4010 таблиці 4)
AE41: тис. грн (без ПДВ)
A42: № з/п | B42: Найменування об’єктів | C42: Рік початку і закінчення будівництва | E42: Загальна кошторисна вартість | G42: Первісна балансова вартість введених потужностей на початок планового року | I42: Незавершене будівництво на початок планового року | K42: Плановий рік | U42: Інформація щодо проектно-кошторисної документації (стан розроблення, затвердження, у разі затвердження зазначити орган, яким затверджено, та відповідний документ) | Z42: Документ, яким затверджений титул будови, із зазначенням органу, який його погодив
K43: освоєння капітальних вкладень | M43: фінансування капітальних інвестицій (оплата грошовими коштами), усього | O43: у тому числі
O44: власні кошти | Q44: кредитні кошти | S44: інші джерела (зазначити джерело)
A45: 1 | B45: 2 | C45: 3 | E45: 4 | G45: 5 | I45: 6 | K45: 7 | M45: 8 | O45: 9 | Q45: 10 | S45: 11 | U45: 12 | Z45: 13
M46: =SUM(O46,Q46,S46) -> 0
M47: =SUM(O47,Q47,S47) -> 0
M48: =SUM(O48,Q48,S48) -> 0
M49: =SUM(O49,Q49,S49) -> 0
M50: =SUM(O50,Q50,S50) -> 0
M51: =SUM(O51,Q51,S51) -> 0
M52: =SUM(O52,Q52,S52) -> 0
A53: Усього | E53: =SUM(E46:E52) -> 0 | G53: =SUM(G46:G52) -> 0 | I53: =SUM(I46:I52) -> 0 | K53: =SUM(K46:K52) -> 0 | M53: =SUM(M46:M52) -> 0 | O53: =SUM(O46:O52) -> 0 | Q53: =SUM(Q46:Q52) -> 0 | S53: =SUM(S46:S52) -> 0
B57: Керівник Директор | L57: ____________________________________________
C58: (посада) | N58: (підпис) | V58: (ініціали, прізвище)
